Map: Blood Boil LE

Players

Elazer - Winner!

  • Race: Zerg Zerg
  • Spawn Location: 11:00

Scarlett

  • Race: Zerg Zerg
  • Spawn Location: 5:00

Event: WCS Jonkoping 2017

VOD

Have the link to the VOD?

Description

Time

  • Played on: June 18, 2017, 8:04 a.m.
  • Length: 7:50

All games in this series

Show
View Real Time Build Order
Export as new Build Order

Elazer Zerg - Winner!

Build Orders: Hatch First 

Get SALT Encoding   

  12  0:00  Unknown  
  12  0:01  Drone  
  13  0:12  Overlord  
  13  0:17  Drone  
  14  0:30  Drone  
  14  0:31  Drone  
  14  0:34  Drone  
  17  0:52  Hatchery  
  17  0:56  Drone  
  17  0:59  Drone  
  18  1:11  Extractor  
  18  1:14  Spawning Pool  
  18  1:17  Drone  
  17  1:20  Drone  
  18  1:28  Drone  
  19  1:39  Overlord  
  19  2:00  Queen  
  19  2:01  Zergling x4  
  22  2:04  Queen  
  22  2:05  Zergling x2  
  26  2:10  Metabolic Boost  
  26  2:11  Drone  
  28  2:15  Drone  
  28  2:22  Drone  
  29  2:29  Drone  
  30  2:33  Drone  
  31  2:38  Drone  
  32  2:52  Overlord  
  32  2:53  Hatchery  
  32  2:55  Drone  
  33  2:58  Drone  
  33  3:00  Drone  
  33  3:05  Drone  
  35  3:08  Drone  
  36  3:16  Overlord  
  36  3:17  Drone x3  
  40  3:20  Drone x2  
  40  3:21  Drone  
  41  3:27  Queen  
  41  3:30  Drone  
  44  3:35  Drone  
  44  3:40  Drone  
  46  3:42  Extractor  
  46  3:43  Overlord  
  46  3:44  Evolution Chamber  
  44  3:49  Drone  
  44  3:50  Drone  
  47  3:55  Drone  
  47  3:57  Zergling x4  
  47  3:59  Zergling x4  
  47  4:00  Overlord  
  47  4:01  Drone  
  52  4:04  Lair  
  52  4:16  Zerg Missile Weapons Level 1  
  52  4:18  Extractor, Drone x2  
  52  4:19  Roach Warren, Drone  
  52  4:23  Overlord  
  53  4:24  Drone  
  53  4:26  Drone  
  55  4:35  Overlord  
  54  4:40  Drone x2  
  54  4:42  Overlord  
  55  4:55  Drone x2  
  55  4:59  Roach x9  
  75  5:06  Overlord  
  75  5:10  Roach x3  
  75  5:14  Roach x3  
  84  5:21  Roach, Overlord  
  84  5:22  Roach x2  
  84  5:26  Extractor  
  84  5:28  Drone x3  
  91  5:29  Roach x2  
  91  5:35  Roach x2  
  99  5:36  Overlord  
  99  5:43  Roach x3  
  105  5:50  Overlord x2  
  105  5:51  Glial Reconstitution  
  105  5:55  Drone  
  105  5:56  Overlord  
  106  5:58  Roach x2  
  106  6:02  Overlord  
  106  6:04  Roach x2  
  114  6:08  Roach x2  
  114  6:11  Roach  
  120  6:13  Roach  
  120  6:16  Roach x2  
  120  6:18  Overlord  
  126  6:20  Roach  
  126  6:23  Roach x2  
  132  6:26  Roach  
  132  6:28  Roach  
  132  6:31  Roach  
  138  6:34  Roach  
  138  6:37  Overlord  
  138  6:38  Roach x2  
  138  6:39  Drone  
  145  6:45  Roach  
  145  6:46  Hatchery, Roach  
  148  6:50  Roach x3  
  154  6:54  Overlord  
  154  6:56  Drone x2  
  154  6:57  Drone x2  
  158  7:03  Evolution Chamber  
  158  7:05  Drone  
  158  7:08  Extractor, Drone x3  
  161  7:09  Drone  
  161  7:11  Drone  
  162  7:20  Roach  
  162  7:21  Roach x4  
  150  7:23  Roach  
  132  7:31  Roach x2  
Show
View Real Time Build Order
Export as new Build Order

Scarlett Zerg 

Build Orders: Pool First 

Get SALT Encoding   

  12  0:00  Unknown, Drone  
  13  0:13  Overlord  
  13  0:17  Drone  
  14  0:31  Drone x2  
  16  0:36  Drone  
  17  0:45  Spawning Pool  
  17  0:48  Drone  
  17  0:56  Drone  
  18  1:12  Hatchery  
  18  1:14  Extractor  
  18  1:17  Drone  
  17  1:20  Drone  
  18  1:31  Queen  
  20  1:33  Zergling x2  
  21  1:40  Drone  
  22  1:49  Overlord  
  22  2:07  Queen  
  24  2:11  Drone  
  24  2:12  Drone  
  26  2:23  Queen  
  26  2:25  Drone x2  
  30  2:39  Drone x2  
  32  2:46  Drone x2  
  34  2:52  Evolution Chamber  
  34  2:53  Lair  
  34  2:54  Drone  
  35  2:58  Drone  
  35  2:59  Extractor  
  34  3:09  Roach Warren  
  34  3:11  Drone x2  
  34  3:16  Drone  
  34  3:19  Overlord  
  35  3:22  Extractor  
  35  3:23  Drone x2  
  36  3:29  Overlord  
  36  3:33  Zerg Missile Weapons Level 1  
  36  3:38  Drone x4  
  40  3:43  Drone  
  40  3:48  Drone  
  42  3:53  Glial Reconstitution  
  42  3:54  Roach  
  44  3:56  Roach  
  44  3:58  Drone  
  44  4:00  Drone  
  44  4:02  Drone  
  49  4:06  Drone  
  50  4:10  Overseer  
  50  4:11  Overlord  
  50  4:12  Drone  
  50  4:15  Drone  
  52  4:22  Overlord  
  52  4:30  Drone x2  
  54  4:35  Roach x3  
  54  4:37  Overlord  
  56  4:41  Roach  
  57  4:46  Roach  
  57  4:47  Roach x3  
  57  4:52  Drone  
  66  4:59  Drone x2  
  68  5:02  Roach x2  
  71  5:14  Drone  
  71  5:19  Roach x2  
  76  5:28  Overlord  
  76  5:30  Hatchery  
  75  5:37  Overlord  
  75  5:41  Drone  
  76  5:50  Drone x7  
  76  5:52  Overlord  
  83  5:57  Roach x2  
  83  5:59  Roach x2  
  91  6:04  Overseer  
  91  6:05  Overlord  
  91  6:10  Evolution Chamber, Overlord  
  90  6:13  Roach  
  90  6:17  Roach x3  
  98  6:21  Roach  
  98  6:25  Roach  
  102  6:27  Roach x2  
  102  6:28  Roach  
  108  6:33  Roach  
  108  6:37  Roach  
  112  6:43  Roach x2  
  112  6:46  Roach x3  
  122  6:48  Overlord  
  122  6:55  Overlord  
  122  6:57  Overlord  
  122  7:07  Ravager x4  
  122  7:08  Roach x2  
  129  7:21  Roach  
  129  7:22  Roach x8  
  127  7:26  Roach  
  107  7:32  Zergling x8  
Tags
 
Add a new tag
Caveats
  • Supply blocks, unpowered buildings, or Contaminate may cause inaccurate times.
  • Supply counts are checked every 10 seconds.